 Dungeon Crawl Stone Soup version 0.24.0-13-gcf9b319 (webtiles) character file.

Game seed: 8159125740402858586, levelgen mode: deterministic

12204 Fang the Fighter (level 11, -10/108 HPs)
             Began as a Gargoyle Berserker on Nov 14, 2019.
             Was a High Priest of Trog.
             Mangled by a sun demon (18 damage)
             ... summoned by a kobold demonologist
             ... on level 11 of the Dungeon.
             The game lasted 00:16:24 (12517 turns).

Fang the Fighter (Gargoyle Berserker)              Turns: 12517, Time: 00:16:25

Health: -10/108    AC: 21    Str: 30    XL:     11   Next: 89%
Magic:  11/11      EV: 12    Int:  7    God:    Trog [*****.]
Gold:   536        SH: 13    Dex: 15    Spells: 10/10 levels left

rFire    + . .     SeeInvis .   a - +0 hand axe
rCold    . . .     Gourm    .   o - +0 shield
rNeg     + . .     Faith    .   b - +0 chain mail
rPois    ∞         Spirit   .   x - +2 hat
rElec    +         Reflect  .   n - scarf {repulsion}
rCorr    .         Harm     .   (no gloves)
MR       ++...                  (no boots)
Stlth    ..........             (no amulet)
HPRegen  1.28/turn              q - +6 ring of dexterity
MPRegen  0.12/turn              y - ring of protection from fire

@: berserking, starving, regenerating, repel missiles, very quick
A: negative energy resistance 1, electricity resistance, unbreathing,
petrification resistance, rot immunity, AC +8
a: Berserk, Trog's Hand, Brothers in Arms, Renounce Religion


You were on level 11 of the Dungeon.
You worshipped Trog.
Trog was extremely pleased with you.
You were starving.

You visited 2 branches of the dungeon, and saw 12 of its levels.
You also visited: Sewer.

You collected 536 gold pieces.

Inventory:

Hand Weapons
 a - a +0 hand axe (weapon)
Armour
 b - a +0 chain mail (worn)
 n - a scarf of repulsion (worn)
 o - a +0 shield (worn)
 x - a +2 hat (worn)
Jewellery
 q - a +6 ring of dexterity (left hand)
 y - a ring of protection from fire (right hand)
 I - an uncursed ring of flight
 L - an uncursed ring of fire {unknown}
Wands
 s - a wand of flame (32)
 A - a wand of paralysis (8)
 B - a wand of acid (7)
 D - a wand of enslavement (11)
 E - a wand of iceblast (13)
 F - a wand of random effects (55)
 M - a wand of clouds (7)
Scrolls
 d - a scroll of enchant armour {unknown}
 e - 2 scrolls of blinking {unknown}
 f - 5 scrolls of teleportation {unknown}
 k - 6 scrolls of remove curse {unknown}
 l - 10 scrolls of identify {unknown}
 u - a scroll of immolation {unknown}
 w - a scroll of enchant weapon {unknown}
 z - a scroll of magic mapping {unknown}
 C - a scroll of brand weapon {unknown}
 G - a scroll of fog {unknown}
 J - a scroll of random uselessness {unknown}
 N - a scroll of amnesia {unknown}
Potions
 g - 2 potions of magic {unknown}
 h - 10 potions of curing {unknown}
 i - 5 potions of brilliance {unknown}
 j - 5 potions of flight {unknown}
 m - 5 potions of agility
 p - 2 potions of haste {unknown}
 r - 6 potions of heal wounds
 t - a potion of lignification {unknown}
 v - 5 potions of might
 H - a potion of degeneration {unknown}
 K - a potion of ambrosia {unknown}
Comestibles
 c - 18 rations


   Skills:
 + Level 9.8 Fighting
 + Level 8.4 Axes
 + Level 9.5 Armour
 + Level 7.2 Dodging
 + Level 8.8 Shields


You had 10 spell levels left.
You didn't know any spells.
Your spell library was empty.

Dungeon Overview and Level Annotations

Branches:
Dungeon (11/15)            Temple (1/1) D:4            Lair (0/6) D:10
  Sewer (visited)
    Orc: D:9-12

Altars:
Cheibriados
Dithmenos
Elyvilon
Fedhas
Gozag
Hepliaklqana
Kikubaaqudgha
Nemelex Xobeh
Okawaru
Qazlal
Ru
Sif Muna
Trog
Uskayaw
Vehumet
Xom
Yredelemnul
Zin

Shops:
D:7 *   D:9 [   D:11 ?


Innate Abilities, Weirdness & Mutations

You are resistant to torment.
Your stone body is resilient. (AC +8)
You are immune to poison.
You resist negative energy. (rN+)
You are resistant to electric shocks. (rElec)
You can survive without breathing.
You are immune to petrification.
You are immune to rotting.


Message History

You hit the hellwing but do no damage. You slash the yak!
You closely miss the sun demon.
You closely miss the kobold demonologist.
The kobold demonologist is severely wounded.
You closely miss the sun demon. You slash the yak!
You hit the sun demon but do no damage. You block the sun demon's attack.
You block the kobold demonologist's attack.
The yak gores you but does no damage.
You hit the kobold demonologist.
The kobold demonologist is severely wounded.
You hit the sun demon but do no damage. You barely miss the yak.
You slash the sun demon!
The sun demon hits you but does no damage.
The kobold demonologist casts a spell.
You hit the kobold demonologist.
The kobold demonologist is severely wounded.
You hit the sun demon but do no damage. You slash the yak!
You hit the yak but do no damage. You closely miss the sun demon.
The sun demon misses you. The sun demon hits you!!
You die...

.........^# #.
..........#########.
.###+##.............
#....#.........####
#....#.........#
#....#.........#
#.4..#.........#
#3K35#.........#### .
#.@Y.#.............
....##Y###..........###
.......y.......<######..
.....YY.........#.......
.....#######....'.......
..... #....#....... ....
#....#....... ...
#....######## ...
#............


You could see 2 sun demons, a hellwing, a kobold demonologist, 4 yaks, a killer
bee and a shadow imp.

Vanquished Creatures
  Erolcha (D:10)
  3 two-headed ogres
  Pikel (D:3)
  A manticore (D:11)
  2 gargoyles
  A troll (D:9)
  A hornet (D:11)
  A hippogriff (D:11)
  Sigmund (D:4)
  4 hogs (D:7)
  A human (D:7)
  4 yaks (D:11)
  Eustachio (D:6)
  A hungry ghost (D:7)
  Menkaure (D:4)
  Edmund (D:6)
  Duvessa (D:6)
  A water moccasin (D:9)
  A porcupine (D:10)
  4 sky beasts
  2 slaves (D:4)
  3 phantoms
  A necrophage (D:7)
  7 ogres
  2 centaurs
  3 crocodiles (D:10)
  6 big kobolds
  Blork the orc (D:4)
  A gnoll sergeant (D:10)
  11 bullfrogs
  A water moccasin skeleton (D:6)
  Dowan (D:6)
  5 scorpions
  4 killer bees (D:11)
  3 howler monkeys
  7 crimson imps
  2 centaur zombies
  2 bullfrog skeletons
  A gnoll shaman (D:5)
  A hound (D:6)
  3 jellies
  2 orc priests
  8 orc wizards
  Natasha (thrice) (D:4)
  3 iguanas
  8 worker ants
  A killer bee zombie (D:6)
  2 hound skeletons
  2 worker ant zombies
  10 adders
  8 gnolls
  A howler monkey skeleton (D:4)
  8 river rats
  4 oozes
  2 worms (D:3)
  A dart slug (D:3)
  8 leopard geckos
  25 orcs
  9 giant cockroaches
  6 hobgoblins
  4 quokkas
  7 ball pythons
  8 bats
  9 frilled lizards
  21 goblins
  28 kobolds
  A leopard gecko skeleton (D:5)
  3 leopard gecko zombies
  29 rats
  A fungus (D:10)
  A plant (D:10)
322 creatures vanquished.

Vanquished Creatures (others)
  A frilled lizard (D:4)
  12 fungi (D:10)
  2 plants (D:10)
15 creatures vanquished.

Grand Total: 337 creatures vanquished

Notes
Turn   | Place    | Note
-------+----------+-------------------------------------------
     0 | D:1      | Fang the Gargoyle Berserker began the quest for the Orb.
     0 | D:1      | Reached XP level 1. HP: 14/14 MP: 1/1
   158 | D:1      | Reached XP level 2. HP: 14/19 MP: 2/2
   651 | D:1      | Reached XP level 3. HP: 23/23 MP: 3/3
   801 | D:2      | Reached ** piety under Trog
   887 | D:2      | Found a faded altar of an unknown god.
  1015 | D:2      | Reached XP level 4. HP: 29/29 MP: 4/4
  1393 | D:2      | Reached XP level 5. HP: 33/33 MP: 5/5
  1507 | D:2      | Found a shimmering blue altar of Sif Muna.
  2463 | D:3      | Reached skill level 1 in Shields
  2472 | D:3      | Reached *** piety under Trog
  2929 | D:4      | Found an iron altar of Okawaru.
  2939 | D:4      | Noticed Natasha
  2940 | D:4      | Noticed a slave
  2940 | D:4      | Noticed a slave
  2942 | D:4      | Noticed Pikel
  2943 | D:4      | Noticed a slave
  2945 | D:4      | Noticed a slave
  2948 | D:4      | Killed a slave
  2953 | D:4      | Killed Natasha
  2953 | D:4      | Reached XP level 6. HP: 39/39 MP: 6/6
  2953 | D:4      | Killed a slave
  3028 | D:3      | Killed Pikel
  3028 | D:3      | Reached skill level 5 in Fighting
  3028 | D:3      | Reached XP level 7. HP: 26/44 MP: 7/7
  3287 | D:4      | Noticed Natasha
  3299 | D:4      | Killed Natasha
  3322 | D:4      | Noticed Natasha
  3328 | D:4      | HP: 2/44 [Natasha/puff of flame (8)]
  3333 | D:4      | Killed Natasha
  3355 | D:4      | Found a basalt altar of Yredelemnul.
  3370 | D:4      | Found a staircase to the Ecumenical Temple.
  3402 | D:4      | Reached XP level 8. HP: 34/50 MP: 8/8
  3441 | D:4      | Found a glowing drain.
  3469 | Sewer    | Entered a sewer
  3882 | Sewer    | Reached **** piety under Trog
  3891 | Sewer    | Reached skill level 5 in Armour
  4025 | Sewer    | Reached skill level 5 in Axes
  4229 | D:4      | Found a shadowy altar of Dithmenos.
  4233 | D:4      | Found an ancient bone altar of Kikubaaqudgha.
  4236 | D:4      | Found a sparkling altar of Nemelex Xobeh.
  4239 | D:4      | Noticed Menkaure
  4253 | D:4      | Killed Menkaure
  4648 | D:4      | Noticed Sigmund
  4667 | D:4      | Killed Sigmund
  5067 | D:4      | Noticed Blork the orc
  5083 | D:4      | Killed Blork the orc
  5390 | D:5      | Entered Level 5 of the Dungeon
  5577 | D:5      | Reached XP level 9. HP: 51/56 MP: 9/9
  5831 | D:5      | Found a snail-covered altar of Cheibriados.
  5937 | D:5      | You fall into a shaft and drop 2 floors!
  5955 | D:7      | Reached skill level 5 in Shields
  6461 | D:7      | Found Ottej's Assorted Antiques.
  6833 | D:7      | Found a sparkling altar of Nemelex Xobeh.
  6851 | D:7      | Reached skill level 5 in Dodging
  6884 | D:7      | Paralysed by fainting for 10 turns
  6894 | D:7      | Paralysed by fainting for 6 turns
  7059 | D:7      | Reached XP level 10. HP: 63/63 MP: 10/10
  7377 | D:6      | Found an opulent altar of Gozag.
  7476 | D:6      | Noticed Edmund
  7499 | D:6      | Killed Edmund
  7499 | D:6      | Reached ***** piety under Trog
  7613 | D:6      | Noticed Eustachio
  7674 | D:6      | Killed Eustachio
  8221 | D:6      | Noticed Dowan
  8223 | D:6      | Noticed Duvessa
  8248 | D:6      | Killed Dowan
  8265 | D:6      | Killed Duvessa
  8429 | Temple   | Entered the Ecumenical Temple
  8875 | D:8      | Noticed a two-headed ogre
  8884 | D:8      | Killed a two-headed ogre
  9286 | D:8      | Noticed a two-headed ogre
  9304 | D:8      | Killed a two-headed ogre
  9304 | D:8      | Reached XP level 11. HP: 52/69 MP: 11/11
 10237 | D:9      | Received a gift from Trog
 10349 | D:9      | Found Wounig's Antique Armour Shop.
 10461 | D:9      | Found a white marble altar of Elyvilon.
 10771 | D:10     | Entered Level 10 of the Dungeon
 10895 | D:10     | Noticed a two-headed ogre
 10916 | D:10     | Killed a two-headed ogre
 10917 | D:10     | Found a staircase to the Lair.
 11490 | D:10     | Noticed Erolcha
 11505 | D:10     | Killed Erolcha
 11747 | D:11     | Received a gift from Trog
 12082 | D:11     | Noticed a manticore
 12099 | D:11     | Killed a manticore
 12285 | D:11     | Found Kekes's Magic Scroll Shop.
 12501 | D:11     | Noticed a sun demon
 12509 | D:11     | Noticed a sun demon
 12511 | D:11     | HP: 4/108 [hellwing[a kobold demonologist] (7)]
 12517 | D:11     | Mangled by a sun demon

Levels and vault maps discovered:
D:1:      dpeg_arrival_short_road, layout_loops_ring, dk_noncrumbling_4
D:2:      minmay_door_path, layout_basic, nicolae_overflow_hidden_temple,
          chequers_ecumenical_altar_simple
D:3:      cheibrodos_greedy_goblins, layout_basic, first_ration
D:4:      layout_layer_cave, grunt_temple_overflow_open,
          minmay_temple_entry_crystal_x, portal_sewer_entry_b,
          yredelemnul_altar_generic, uniq_pikel, uniq_menkaure, uniq_sigmund,
          uniq_natasha, uniq_blork_the_orc
D:5:      layout_loops_ring, minmay_misc_feat_chi, cheibriados_altar_1
D:6:      layout_loops_corners, serial_glass, glass_columns_c, glass_columns_a,
          nicolae_gozag_cash_rules_everything_around_me, uniq_duvessa,
          uniq_eustachio, uniq_edmund
D:7:      layout_loops_ring, serial_shops, nicolae_shop_crystal,
          grunt_livestock, nemelex_dance_club_becter
D:8:      layout_cave_pools, corexii_corridor_pit
D:9:      layout_irregular_city, elyvilon_altar_4, serial_shops, shop_fountains,
          chequers_serial_rivers_micro_a, hangedman_decor_clover_reticule
D:10:     layout_loops_cross, due_lair_maze_entry_diamond, uniq_erolcha
D:11:     layout_irregular_city, orc_0_dummy, serial_shops,
          nicolae_shop_window_shopping, shop_statue, shop, shop,
          xom_shifter_show
Temple:   nicolae_temple_x_marks_the_god

Skill      XL: |  1  2  3  4  5  6  7  8  9 10 11 |
---------------+----------------------------------+-----
Axes           | 3 4 5 6 7 8 |  8.4
Dodging        | 2 3 4 5 6 7 |  7.2
Fighting       | 4 5 6 7 8 9 |  9.8
Armour         | 3 4 5 7 8 9 |  9.5
Shields        | 1 2 3 4 6 7 8 |  8.8

Action                   |  1- 3 |  4- 6 |  7- 9 | 10-12 || total
-------------------------+-------+-------+-------+-------++-------
Melee: Hand axe          |   120 |   236 |   711 |   935 ||  2002
Invok: Berserk           |       |     2 |     5 |     9 ||    16
       Trog's Hand       |       |     2 |     2 |     1 ||     5
  Eat: Chunk             |     1 |     8 |    19 |    27 ||    55
       Ration            |       |       |     2 |       ||     2
Armor: Animal skin       |    28 |       |       |       ||    28
       Chain mail        |    53 |   191 |   344 |   404 ||   992
Dodge: Dodged            |    88 |    65 |   191 |   298 ||   642
       Deflected         |       |     1 |     1 |    10 ||    12
Block: Shield            |       |    95 |   360 |   527 ||   982
